 Dungeon Crawl Stone Soup version 0.21.1-1-g345015f (webtiles) character file.

8423 HammerPanzer the Carver (level 11, 0/138 HPs)
             Began as a Demonspawn Berserker on Mar 31, 2018.
             Was a High Priest of Trog.
             Slain by HammerPanzer's ghost (24 damage)
             ... on level 11 of the Dungeon.
             The game lasted 00:30:09 (9751 turns).

HammerPanzer the Carver (Demonspawn Berserker)      Turns: 9751, Time: 00:30:10

Health: 0/138      AC: 30    Str: 22    XL:     11   Next: 9%
Magic:  0/11       EV:  5    Int: 14    God:    Trog [*****.]
Gold:   721        SH:  8    Dex: 16    Spells: 10/10 levels left

rFire    . . .     SeeInvis .   v - +2 falchion (slice)
rCold    . . .     Gourm    .   A - +0 shield {reflect}
rNeg     . . .     Faith    .   s - +6 chain mail of Dapnun {*Corrode rElec Dex+4}
rPois    .         Spirit   +   (helmet restricted)
rElec    +         Reflect  +   x - +2 cloak
rCorr    .         Harm     .   w - +0 pair of gloves of Liberty {Regen+ Str-3 Int+4}
MR       .....                  (no boots)
Stlth    ..........             m - amulet of regeneration
HPRegen  1.13/turn              (no ring)
MPRegen  0.12/turn              (no ring)

@: berserking (expiring), sanguine armour, very quick
A: horns 1, powered by death 1, magic shield, sanguine armour 3
a: Berserk, Trog's Hand, Brothers in Arms, Burn Spellbooks, Renounce Religion


You were on level 11 of the Dungeon.
You worshipped Trog.
Trog was extremely pleased with you.
You were not hungry.

You visited 1 branch of the dungeon, and saw 11 of its levels.
You also visited: Ossuary.

You collected 721 gold pieces.

Inventory:

Hand Weapons
 v - a +2 falchion of slicing (weapon)
Missiles
 j - 6 javelins (quivered)
Armour
 g - a +0 plate armour
 s - the +6 chain mail of Dapnun (worn) {*Corrode rElec Dex+4}
   (You found it on level 8 of the Dungeon)

   It affects your dexterity (+4).
   It insulates you from electricity.
   It may corrode you when you take damage.
 w - the +0 pair of gloves of Liberty (worn) {Regen+ Str-3 Int+4}
   (You found it on level 7 of the Dungeon)

   It affects your strength (-3).
   It affects your intelligence (+4).
   It increases your rate of regeneration.
 x - a +2 cloak (worn)
 A - a +0 shield of reflection (worn)
Jewellery
 m - an amulet of regeneration (around neck)
Wands
 h - a wand of flame (21)
 y - a wand of iceblast (12)
Scrolls
 k - 3 scrolls of teleportation
 l - 6 scrolls of remove curse
 n - 4 scrolls of fog
 r - a scroll of amnesia {unknown}
Potions
 b - a potion of agility
 d - a potion of ambrosia
 e - 4 potions of curing
 f - a potion of lignification
 i - 4 potions of mutation
 o - a potion of might
 p - 4 potions of haste
 q - 3 potions of heal wounds
 t - a potion of brilliance
 u - a potion of flight
Comestibles
 a - 3 chunks of flesh
 c - 24 rations


   Skills:
 + Level 10.4 Fighting
 * Level 12.8 Long Blades
 - Level 1.7 Armour
 - Level 1.7 Dodging


You had 10 spell levels left.
You didn't know any spells.

Dungeon Overview and Level Annotations

Branches:
Dungeon (11/15)            Temple (0/1) D:6            Lair (0/6) D:9
    Orc (0/2) D:10

Altars:
Fedhas
Kikubaaqudgha
Makhleb
Ru
Sif Muna
Trog
Uskayaw
Wu Jian

Shops:
D:5 =

Portals:
Trove: D:10 (lose all piety)

Annotations:
D:3 exclusion: oklob plant
D:11 HammerPanzer's ghost, journeyman MiBe


Innate Abilities, Weirdness & Mutations

You have a pair of small horns on your head.
You regenerate a little health from kills.
When hurt, damage is shared between your health and your magic reserves.
When seriously injured, your bleeding wounds create very thick armour. (AC +12)


Message History

HammerPanzer's ghost hits you!!
* * * LOW HITPOINT WARNING * * *
You hit HammerPanzer's ghost.
HammerPanzer's ghost is severely damaged.
HammerPanzer's ghost hits you!
* * * LOW HITPOINT WARNING * * *
You hit HammerPanzer's ghost.
HammerPanzer's ghost is severely damaged.
You closely miss HammerPanzer's ghost.
Your headbutt misses HammerPanzer's ghost.
HammerPanzer's ghost is severely damaged.
HammerPanzer's ghost hits you but does no damage.
You hit HammerPanzer's ghost but do no damage.
You headbutt HammerPanzer's ghost!
HammerPanzer's ghost is almost destroyed.
Your chain mail of Dapnun prevents you from hitting HammerPanzer's ghost.
You headbutt HammerPanzer's ghost, but do no damage.
HammerPanzer's ghost is almost destroyed.
HammerPanzer's ghost hits you!!
You die...

#. #..# #. #..## ##
#.... ... ... # #.# #..
#W# ######
#....#@###########.....
...>...........>........
##......###########.....
###.#### ###### #. #


You could see HammerPanzer's ghost.

Vanquished Creatures
  The ghost of shugdite the Cruncher, a journeyman MiGl of Wu Jian (D:11)
  2 two-headed ogres (D:9)
  A tengu warrior (D:10)
  An ugly thing (D:11)
  The ghost of corax the Ducker, a novice GnMo of Okawaru (D:5)
  The ghost of restless the Ruffian, an amateur TrBe of Trog (D:4)
  A steam dragon (D:9)
  3 porcupines (D:9)
  3 orc warriors
  An eye of draining (D:10)
  2 ice beasts (D:10)
  A black bear (D:9)
  A sky beast (D:10)
  A hornet zombie (D:10)
  6 ogres
  2 phantoms
  The ghost of Santreim the Firebug, an amateur DrFE of Qazlal (D:3)
  A centaur (D:6)
  2 crocodiles (D:9)
  2 bullfrogs (D:9)
  A gnoll sergeant (D:6)
  5 scorpions
  A water moccasin skeleton (D:4)
  6 killer bees (D:8)
  4 howler monkeys
  An electric eel (D:10)
  2 bullfrog zombies
  2 centaur zombies
  3 crimson imps
  2 quasits
  5 hounds
  3 orc priests
  A jelly (D:9)
  A bullfrog skeleton (D:6)
  Crazy Yiuf (D:3)
  5 iguanas
  6 orc wizards
  9 worker ants
  4 big kobold zombies (Ossuary)
  7 mummies
  2 worker ant zombies
  19 adders
  9 gnolls
  3 shadow imps
  3 adder skeletons
  An adder zombie (D:6)
  3 worms
  4 leopard geckos
  50 orcs
  2 ball pythons
  8 giant cockroaches
  9 hobgoblins
  9 jackals
  3 quokkas
  6 bats
  9 frilled lizards
  8 goblins
  4 hobgoblin zombies (Ossuary)
  3 kobolds
  2 leopard gecko skeletons
  A leopard gecko zombie (D:7)
  A quokka skeleton (D:6)
  6 rats
268 creatures vanquished.

Vanquished Creatures (others)
  10 fungi
  4 toadstools (D:1)
14 creatures vanquished.

Grand Total: 282 creatures vanquished

Notes
Turn   | Place    | Note
-------+----------+-------------------------------------------
     0 | D:1      | HammerPanzer the Demonspawn Berserker began the quest for the Orb.
     0 | D:1      | Reached XP level 1. HP: 18/18 MP: 1/1
   215 | D:1      | Reached skill level 3 in Long Blades
   394 | D:1      | Gained mutation: You have a pair of small horns on your head. [demonic ancestry]
   394 | D:1      | Reached XP level 2. HP: 20/24 MP: 2/2
  1158 | D:2      | Reached XP level 3. HP: 23/29 MP: 3/3
  1304 | D:2      | Reached ** piety under Trog
  1826 | D:2      | Reached skill level 4 in Long Blades
  1829 | D:2      | Reached XP level 4. HP: 37/37 MP: 4/4
  2137 | D:3      | Reached XP level 5. HP: 34/42 MP: 5/5
  2244 | D:3      | Noticed Santreim's ghost (amateur DrFE)
  2265 | D:3      | Killed Santreim's ghost
  2265 | D:3      | Reached skill level 5 in Long Blades
  2400 | D:3      | Found a runed door.
  2404 | D:3      | Noticed Crazy Yiuf
  2412 | D:3      | Killed Crazy Yiuf
  2535 | D:3      | Found a blossoming altar of Fedhas.
  2554 | D:3      | Noticed an oklob plant
  2692 | D:4      | Found a sacrificial altar of Ru.
  2722 | D:4      | Gained mutation: When seriously injured, your bleeding wounds create armour. (AC +12) [demonic ancestry]
  2722 | D:4      | Reached XP level 6. HP: 49/49 MP: 6/6
  2772 | D:4      | Noticed restless's ghost (amateur TrBe)
  2785 | D:4      | Killed restless's ghost
  2785 | D:4      | Reached *** piety under Trog
  2785 | D:4      | Reached skill level 5 in Fighting
  2785 | D:4      | Reached skill level 6 in Long Blades
  2845 | D:4      | Gained mutation: When hurt, damage is shared between your health and your magic reserves. [demonic ancestry]
  2845 | D:4      | Reached XP level 7. HP: 54/56 MP: 7/7
  3256 | D:5      | Entered Level 5 of the Dungeon
  3330 | D:5      | Found Esyori's Jewellery Boutique.
  3590 | D:5      | Noticed corax's ghost (novice GnMo)
  3612 | D:5      | Killed corax's ghost
  3612 | D:5      | Reached skill level 7 in Long Blades
  3618 | D:5      | Gained mutation: When seriously injured, your bleeding wounds create thick armour. (AC +12) [demonic ancestry]
  3618 | D:5      | Reached XP level 8. HP: 45/64 MP: 6/8
  3845 | D:5      | Found an ornate altar of the Wu Jian Council.
  3856 | D:5      | Found an ancient bone altar of Kikubaaqudgha.
  3861 | D:5      | Found a bloodstained altar of Trog.
  4155 | D:5      | Reached skill level 8 in Long Blades
  4328 | D:6      | Found a sand-covered staircase.
  4336 | D:6      | Reached **** piety under Trog
  4365 | Ossuary  | Entered an ossuary
  4750 | D:6      | Found a staircase to the Ecumenical Temple.
  4945 | D:6      | Reached skill level 9 in Long Blades
  5074 | D:6      | Gained mutation: When seriously injured, your bleeding wounds create very thick armour. (AC +12) [demonic ancestry]
  5074 | D:6      | Reached XP level 9. HP: 37/72 MP: 4/9
  5235 | D:6      | Found a hide-covered altar of Uskayaw.
  5389 | D:6      | Found a deep blue altar of Sif Muna.
  5810 | D:7      | Reached ***** piety under Trog
  5810 | D:7      | Reached skill level 10 in Long Blades
  6197 | D:7      | Got a pair of brightly glowing gloves
  6203 | D:7      | Identified the cursed +0 pair of gloves of Liberty {Regen+ Str-3 Int+4} (You found it on level 7 of the Dungeon)
  6681 | D:8      | Got a dazzling chain mail
  6748 | D:8      | Identified the +6 chain mail of Dapnun {*Corrode rElec Dex+4} (You found it on level 8 of the Dungeon)
  6856 | D:8      | Found a burning altar of Makhleb.
  7479 | D:9      | Found the +9 heavy crossbow "Sniper" {velocity, Acc+∞ SInv}
  7540 | D:9      | Noticed a two-headed ogre
  7546 | D:9      | Killed a two-headed ogre
  7546 | D:9      | Reached skill level 11 in Long Blades
  7546 | D:9      | Gained mutation: You regenerate a little health from kills. [demonic ancestry]
  7546 | D:9      | Reached XP level 10. HP: 82/82 MP: 8/10
  7570 | D:9      | Found a staircase to the Lair.
  8071 | D:9      | Noticed a two-headed ogre
  8087 | D:9      | Killed a two-headed ogre
  8170 | D:10     | Entered Level 10 of the Dungeon
  8303 | D:10     | Reached skill level 12 in Long Blades
  8755 | D:10     | Found a staircase to the Orcish Mines.
  9173 | D:10     | Reached skill level 10 in Fighting
  9207 | D:10     | Found a portal to a secret trove of treasure.
  9272 | D:10     | Noticed a tengu warrior
  9293 | D:10     | Killed a tengu warrior
  9515 | D:11     | Noticed shugdite's ghost (journeyman MiGl)
  9542 | D:11     | Killed shugdite's ghost
  9542 | D:11     | Reached XP level 11. HP: 92/92 MP: 8/11
  9638 | D:11     | Noticed a purple ugly thing
  9661 | D:11     | Killed a purple ugly thing
  9731 | D:11     | Noticed HammerPanzer's ghost (journeyman MiBe)
  9751 | D:11     | Slain by HammerPanzer's ghost

Skill      XL: |  1  2  3  4  5  6  7  8  9 10 |
---------------+-------------------------------+-----
Long Blades    | 3 4 5 6 7 9 11 12 | 12.8
Fighting       | 4 5 6 7 8 10 | 10.4
Armour         | |  1.7
Dodging        | |  1.7

Action                   |  1- 3 |  4- 6 |  7- 9 | 10-12 || total
-------------------------+-------+-------+-------+-------++-------
Melee: Falchion          |   107 |   153 |   610 |   365 ||  1235
       Headbutt          |    15 |    31 |   135 |    81 ||   262
Throw: Javelin           |       |     2 |     4 |       ||     6
Invok: Berserk           |     1 |     3 |     8 |     5 ||    17
       Burn Spellbooks   |       |       |       |     1 ||     1
  Use: Scroll            |     5 |     2 |    12 |     1 ||    20
 Stab: Sleeping          |     1 |       |       |       ||     1
       Held in net/web   |       |       |     1 |       ||     1
  Eat: Chunk             |     3 |     7 |    23 |     9 ||    42
       Ration            |       |       |       |     1 ||     1
Armor: Animal skin       |     5 |       |       |       ||     5
       Leather armour    |    19 |       |       |       ||    19
       Plate armour      |       |   119 |   249 |       ||   368
       Ring mail         |       |     6 |       |       ||     6
       Chain mail        |       |       |    34 |   219 ||   253
Dodge: Dodged            |    75 |    62 |   106 |    57 ||   300
Block: Buckler           |       |     7 |    43 |       ||    50
       Shield            |       |       |    39 |   114 ||   153
       Rpst.: Falchion   |    21 |    17 |    36 |    15 ||    89
